 Dungeon Crawl Stone Soup version 0.25-b1-29-g4cfa5c7bda (webtiles) character file.

Game seed: 14492787876061598335, levelgen mode: deterministic

74 Delamore the Cudgeler (level 4, -18/28 HPs)
             Began as a Gargoyle Fighter on June 3, 2020.
             Blown up by a goblin (29 damage)
             ... with a disintegration bolt
             ... on level 3 of the Dungeon.
             The game lasted 00:01:29 (1105 turns).

Delamore the Cudgeler (Gargoyle Fighter)            Turns: 1105, Time: 00:01:29

Health: -18/28     AC: 12    Str: 21    XL:     4   Next: 28%
Magic:  4/4        EV: 11    Int:  8    God:
Gold:   87         SH:  9    Dex:  9    Spells: 3/3 levels left

rFire    . . .     SeeInvis +   a - +0 flail
rCold    . . .     Gourm    .   c - +0 kite shield
rNeg     + . .     Faith    .   b - +0 scale mail
rPois    ∞         Spirit   .   r - +1 helmet
rElec    +         Reflect  .   (no cloak)
rCorr    .         Harm     .   (no gloves)
MR       .....                  (no boots)
Stlth    ..........             (no amulet)
HPRegen  0.09/turn              i - ring of see invisible
MPRegen  0.09/turn              m - +4 ring of evasion

@: no status effects
A: negative energy resistance 1, electricity resistance, unbreathing,
petrification resistance, rot immunity, AC +3
a: no special abilities


You were on level 3 of the Dungeon.
You were not hungry.

You visited 1 branch of the dungeon, and saw 3 of its levels.

You collected 87 gold pieces.

Inventory:

Hand Weapons
 a - a +0 flail (weapon)
Armour
 b - a +0 scale mail (worn)
 c - a +0 kite shield (worn)
 r - a +1 helmet (worn)
Jewellery
 i - a ring of see invisible (left hand)
 m - a +4 ring of evasion (right hand)
 p - an uncursed ring of stealth
Scrolls
 e - 2 scrolls of amnesia {unknown}
 g - 4 scrolls of identify {unknown}
 h - a scroll of random uselessness {unknown}
 l - a scroll of remove curse {unknown}
 o - a scroll of blinking {unknown}
 q - a scroll of magic mapping {unknown}
Potions
 d - 4 potions of might
 j - a potion of flight {unknown}
 n - a potion of stabbing {unknown}
Comestibles
 f - 5 rations
 k - a chunk of flesh


   Skills:
 - Level 3.2 Fighting
 + Level 4.4 Maces & Flails
 - Level 3.2 Armour
 - Level 3.2 Shields


You had 3 spell levels left.
You didn't know any spells.
Your spell library was empty.

Dungeon Overview and Level Annotations

Branches:
Dungeon (3/15)

Altars:


Innate Abilities, Weirdness & Mutations

You are resistant to torment.
Your stone body is resilient. (AC +3)
You are immune to poison.
You resist negative energy. (rN+)
You are resistant to electric shocks. (rElec)
You can survive without breathing.
You are immune to petrification.
You are immune to rotting.


Message History

The goblin shouts!
The goblin zaps a wand.
You are blasted!
Ouch! That really hurt!
* * * LOW HITPOINT WARNING * * *
A goblin is nearby!
You are too injured to fight recklessly!
You see here a frilled lizard skeleton.
The goblin throws a stone.
You block the stone.
You see here a stone.
The goblin throws a stone.
You block the stone.
You see here a stone.
The goblin throws a stone.
You block the stone.
You see here a stone.
You start resting.
The goblin is too close now for your liking.
The goblin throws a stone.
You block the stone.
You see here a stone.
The goblin zaps a wand.
You are blasted!
Ouch! That really hurt!
You die...

#..>....# ##......#
.#.......#
#..#....#
........###.###.###
#........#.# #.#
##.....##...# #.# .
#...........# #.#
#.#........##..##.#
#........g(##..##.#
###......@###..^#g#
##...÷.(#######.#
###......# #.#
#..####.# #÷# #...#
#.#####.# #.##
#.....#.# #.
######...# #
........##
#######...#


You could see a goblin.

Vanquished Creatures
  A hound skeleton (D:2)
  3 adders
  An adder skeleton (D:2)
  A dart slug (D:2)
  2 leopard geckos
  A giant cockroach (D:1)
  6 goblins
  3 hobgoblins
  2 kobolds
  A quokka (D:2)
  2 ball pythons
  2 bats (D:2)
  2 frilled lizards (D:3)
  3 rats
30 creatures vanquished.

Notes
Turn   | Place    | Note
-------+----------+-------------------------------------------
     0 | D:1      | Delamore the Gargoyle Fighter began the quest for the Orb.
     0 | D:1      | Reached XP level 1. HP: 14/14 MP: 1/1
    74 | D:1      | Reached XP level 2. HP: 19/19 MP: 2/2
   130 | D:1      | Reached skill level 3 in Maces & Flails
   172 | D:1      | You fall into a shaft and drop 1 floor!
   246 | D:2      | Reached XP level 3. HP: 12/23 MP: 3/3
   546 | D:2      | Reached skill level 4 in Maces & Flails
   968 | D:3      | Reached XP level 4. HP: 20/28 MP: 4/4
  1105 | D:3      | Blown up by a goblin

Illustrated notes

Levels and vault maps discovered:
D:1:      kennysheep_arrival_forest, layout_rooms
D:2:      layout_rooms, first_ration, kennysheep_decorative_pillar
D:3:      layout_rooms, nrook_mini_backslash, minmay_crystal_room, uniq_sigmund

Skill      XL: |  1  2  3 |
---------------+----------+-----
Maces & Flails | 3 4 |  4.4
Fighting       | |  3.2
Armour         | |  3.2
Shields        | |  3.2

Action                   |  1- 3 |  4- 6 || total
-------------------------+-------+-------++-------
Melee: Flail             |   105 |    16 ||   121
  Eat: Chunk             |       |     1 ||     1
Armor: Scale mail        |    85 |    12 ||    97
Dodge: Dodged            |    57 |    21 ||    78
Block: Kite shield       |    62 |    21 ||    83
